 Dungeon Crawl Stone Soup version 0.26.1-11-gd32895ea62 (webtiles) character file.

Game seed: 10736283902554336205

32 melloss the Sneak (level 3, -7/16 HPs)
             Began as a Spriggan Enchanter on May 17, 2021.
             Killed by divine providence
             ... invoked by an orc priest
              (14 damage)
             ... on level 2 of the Dungeon.
             The game lasted 00:05:08 (2056 turns).

melloss the Sneak (Spriggan Enchanter)              Turns: 2056, Time: 00:05:08

Health: -7/16      AC:  2    Str:  4    XL:     3   Next: 8%
Magic:  0/8        EV: 18    Int: 16    God:
Gold:   47         SH:  0    Dex: 17    Spells: 4/7 levels left

rFire    + . .     SeeInvis +   a - +1 dagger
rCold    . . .     Faith    .   (shield restricted)
rNeg     . . .     Spirit   .   b - +0 robe
rPois    .         Reflect  .   (helmet restricted)
rElec    .         Harm     .   (no cloak)
rCorr    .         Rampage  .   (gloves unavailable)
Will     .....                  (boots unavailable)
Stlth    +++.......             (no amulet)
HPRegen  0.05/turn              e - ring of protection from fire
MPRegen  0.11/turn              g - ring of wizardry

@: very slightly contaminated, very quick
A: very small, unfitting armour, see invisible, speed 3
a: no special abilities


You were on level 2 of the Dungeon.
You visited 1 branch of the dungeon, and saw 2 of its levels.

You collected 47 gold pieces.

Inventory:

Hand Weapons
 a - a +1 dagger (weapon)
Armour
 b - a +0 robe (worn)
Jewellery
 e - a ring of protection from fire (left hand)
 g - a ring of wizardry (right hand)
Scrolls
 d - 3 scrolls of immolation {unknown}
 f - 5 scrolls of identify {unknown}
 h - a scroll of fog {unknown}
 i - a scroll of remove curse {unknown}
 k - 2 scrolls of teleportation {unknown}
 l - a scroll of magic mapping {unknown}
Potions
 c - a potion of lignification {unknown}
 j - a potion of curing {unknown}
 m - a potion of cancellation {unknown}


   Skills:
 + Level 2.5 Short Blades
 - Level 3.0 Dodging
 + Level 5.5 Stealth
 - Level 2.6 Spellcasting
 - Level 3.6 Hexes


You had 4 spell levels left.
You knew the following spells:

 Your Spells              Type           Power        Failure   Level
a - Corona                Hex            14%          1%          1
b - Ensorcelled Hibernat  Hex/Ice        14%          6%          2

Your spell library contained the following spells:

 Spells                   Type           Power        Failure   Level
 Confusing Touch          Hex            13%          5%          3
 Tukima's Dance           Hex            13%          5%          3
 Dazzling Flash           Conj/Hex       14%          12%         3


Dungeon Overview and Level Annotations

Branches:
Dungeon (2/15)

Altars:
Makhleb
Nemelex Xobeh


Innate Abilities, Weirdness & Mutations

You are very small and have problems with some larger weapons.
You are too small for most types of armour.
You have supernaturally acute eyesight. (SInv)
You cover ground extremely quickly.


Message History

Nothing appears to happen.
The bat closely misses you.
The orc priest looks satisfied for a moment.
Casting: Ensorcelled Hibernation (safe; 6% risk of failure)
Confirm with . or Enter, or press ? or * to list all spells.
You don't have enough magic to cast that spell.
Unknown command.
You hit the orc priest but do no damage.
The bat hits you.
You completely miss the orc priest. The orc priest barely misses you.
You hit the orc priest but do no damage.
The orc priest barely misses you.
You hit the orc priest.
The orc priest is lightly wounded.
The orc priest hits you with a +0 whip.
You hit the orc priest.
The orc priest is lightly wounded.
The orc priest invokes the aid of Beogh against you.
Beogh smites you!
Ouch! That really hurt!
You die...

........# .≈o..≈..##
.....#$ .........#
#.#..# o.o......
#.#..# ...o.b...
#....# .≈o..≈..#
.###...## ........#
........#########o#
####............@o#
.........)#########
...##..##.#<#
...+....#.#.#
...###..#+#.#
######......########
.....+..............
######.....########.
..........##


You could see 2 orc priests.

Vanquished Creatures
  An ooze (D:1)
  A worm (D:2)
  A giant cockroach (D:1)
  2 goblins
  7 hobgoblins
  A ball python (D:1)
  2 bats (D:1)
  2 frilled lizards (D:1)
  2 kobolds
  8 rats
27 creatures vanquished.

Notes
Turn   | Place    | Note
-------+----------+-------------------------------------------
     0 | D:1      | melloss the Spriggan Enchanter began the quest for the Orb.
     0 | D:1      | Reached XP level 1. HP: 9/9 MP: 5/5
   173 | D:1      | Reached XP level 2. HP: 13/13 MP: 6/6
   176 | D:1      | Learned a level 2 spell: Ensorcelled Hibernation
   250 | D:1      | Reached skill level 5 in Stealth
  1341 | D:1      | You fall into a shaft and drop 1 floor!
  1484 | D:2      | Found a burning altar of Makhleb.
  1917 | D:2      | Found a sparkling altar of Nemelex Xobeh.
  1936 | D:2      | Reached XP level 3. HP: 15/16 MP: 5/8
  2056 | D:2      | Killed from afar by an orc priest

Illustrated notes

Levels and vault maps discovered:
D:1:      dpeg_arrival_signposts, layout_basic
D:2:      cheibrodos_pilgrimage, layout_basic,
          nemelex_xobeh_ov_fountains_minmay, bloody_makhleb, grunt_ministairs_15

Skill      XL: |  1  2 |
---------------+-------+-----
Stealth        | 5 |  5.5
Short Blades   | 2 |  2.5
Dodging        | |  3.0
Spellcasting   | |  2.6
Hexes          | |  3.6

Action                   || total
-------------------------++-------
Melee: Dagger            ||    65
 Cast: Ensorcelled Hiber ||    16
 Stab: Sleeping          ||    17
Armor: Robe              ||     3
Dodge: Dodged            ||    30
